 Dungeon Crawl Stone Soup version 0.30-a0-989-g0d87f670db (webtiles) character file.

Game seed: 14045065156737214684

396 mopl the Magician (level 6, -1/36 HPs)
             Began as an Octopode Hedge Wizard on Apr 3, 2023.
             Slain by a centaur (4 damage)
             ... on level 5 of the Dungeon.
             The game lasted 00:05:42 (3719 turns).

mopl the Magician (Octopode Hedge Wizard)           Turns: 3719, Time: 00:05:42

Health: -1/36      AC:  1    Str: 10    XL:     6   Next: 82%
Magic:  1/12       EV: 13    Int: 18    God:
Gold:   234        SH:  0    Dex: 11    Spells: 7/14 levels left

rFire   . . .      SeeInvis .    a - +2 dagger (speed)
rCold   . . .      Faith    .    (no shield)
rNeg    . . .      Spirit   .    b - +0 hat
rPois   .          Reflect  .    (no amulet)
rElec   .          Rampage  .    (no ring)
rCorr   .                        (no ring)
Will    .....                    (no ring)
Stlth   +++                      (no ring)
HPRegen 0.26/turn                (no ring)
MPRegen 0.13/turn                (no ring)
                                 (no ring)
                                 (no ring)

@: no status effects
A: almost no armour, amphibious, 8 rings, camouflage 1, gelatinous body 1,
(nimble swimmer 1), tentacles
a: no special abilities


You were on level 5 of the Dungeon.
You visited 2 branches of the dungeon, and saw 6 of its levels.

You collected 324 gold pieces.
You spent 90 gold pieces at shops.

Inventory:

Hand Weapons
 a - a +2 dagger of speed (weapon)
 i - a +0 short sword of venom
Missiles
 g - 6 poisoned darts
 r - 6 javelins
Armour
 b - a +0 hat (worn)
Wands
 p - a wand of charming (5)
Scrolls
 e - 3 scrolls of vulnerability
 h - 2 scrolls of magic mapping {unknown}
 j - 2 scrolls of teleportation {unknown}
 n - a scroll of blinking {unknown}
Potions
 c - a potion of magic
 d - 2 potions of might
 f - a potion of heal wounds
 k - 2 potions of flight {unknown}
 l - 3 potions of mutation {unknown}
 m - a potion of curing
 o - a potion of attraction {unknown}
 q - a potion of lignification {unknown}


   Skills:
 - Level 2.0 Dodging
 - Level 2.6 Stealth
 + Level 4.5 Spellcasting
 + Level 3.7 Conjurations
 - Level 1.0 Summonings
 + Level 3.6 Translocations
 + Level 1.5 Fire Magic


You had 7 spell levels left.
You knew the following spells:

 Your Spells              Type           Power      Damage    Failure   Level
a - Magic Dart            Conj           68%        1d6       3%          1
d - Sticky Flame          Conj/Fire      13%        2d4       43%         4
e - Blink                 Tloc           34%        N/A       4%          2

Your spell library contained the following spells:

 Spells                   Type           Power      Damage    Failure   Level
 Slow                     Hex            16%        N/A       14%         1
 Call Imp                 Summ           7%         N/A       14%         2
 Cigotuvi's Dreadful Rot  Necr/Pois/Air  8%         N/A       22%         2
 Ensorcelled Hibernation  Hex/Ice        8%         N/A       22%         2
 Mephitic Cloud           Conj/Pois/Air  8%         N/A       26%         3
 Inner Flame              Hex/Fire       6%         N/A       30%         3
 Manifold Assault         Tloc           17%        N/A       30%         4
 Spider Form              Tmut/Pois      4%         N/A       38%         3
 Flame Wave               Conj/Fire      13%        2d6       43%         4
 Anguish                  Hex/Necr       2%         N/A       80%         4
 Storm Form               Tmut/Air       2%         N/A       100%        7


Dungeon Overview and Level Annotations

Branches:
Dungeon (5/15)             Temple (1/1) D:4

Altars:
Ashenzari
Cheibriados
Dithmenos
Elyvilon
Kikubaaqudgha
Makhleb
Nemelex Xobeh
Okawaru
Ru
Sif Muna
Trog
Uskayaw
Wu Jian
Xom
Yredelemnul
Zin
The Shining One
Jiyva

Annotations:
D:3 3 runed translucent doors, Dirtsage's ghost, amateur DsFi


Innate Abilities, Weirdness & Mutations

You cannot wear most types of armour.
You are amphibious.
You can wear up to eight rings at the same time.
Your skin changes colour to match your surroundings (Stealth+).
Your rubbery body absorbs attacks. (AC +1, EV +1)
((You are camouflaged when in or above water. (Stealth+)))
You have tentacles for arms and can constrict up to eight enemies at once.


Message History

Casting: Magic Dart (safe; 3% risk of failure)
Confirm with . or Enter, or press ? or * to list all spells.
Aiming: Magic Dart (safe; 3% risk of failure)
Press: ? - help, Shift-Dir - straight line, f/p - centaur
Aim: a centaur (heavily wounded, 100% to hit)
The magic dart hits the centaur.
The centaur is severely wounded.
The centaur closely misses you. The centaur kicks you.
* * * LOW HITPOINT WARNING * * *
A water moccasin comes into view.
Casting: Magic Dart (safe; 3% risk of failure)
Confirm with . or Enter, or press ? or * to list all spells.
Aiming: Magic Dart (safe; 3% risk of failure)
Press: ? - help, Shift-Dir - straight line, f/p - centaur
Aim: a centaur (severely wounded, 100% to hit)
The magic dart hits the centaur.
The centaur is severely wounded.
The water moccasin hisses angrily.
The centaur closely misses you.
The centaur kicks you but does no damage.
The centaur closely misses you. The centaur kicks you.
* * * LOW HITPOINT WARNING * * *
Casting: Magic Dart (safe; 3% risk of failure)
Confirm with . or Enter, or press ? or * to list all spells.
Aiming: Magic Dart (safe; 3% risk of failure)
Press: ? - help, Shift-Dir - straight line, f/p - centaur
Aim: a centaur (severely wounded, 100% to hit)
The magic dart hits the centaur but does no damage.
The centaur is severely wounded.
The centaur closely misses you. The centaur kicks you.
* * * LOW HITPOINT WARNING * * *
Casting: Magic Dart (safe; 3% risk of failure)
Confirm with . or Enter, or press ? or * to list all spells.
Aiming: Magic Dart (safe; 3% risk of failure)
Press: ? - help, Shift-Dir - straight line, f/p - centaur
Aim: a centaur (severely wounded, 100% to hit)
The magic dart hits the centaur.
The centaur is almost dead.
The centaur hits you.
You die...

...#.....$..†########
...#.$.......#
............#
#..........#
#S.........#
#..........#
#.###..........#
#....c#....#####
#..@....# #....####
#....# #....# #....#
#....# .##### ..


You could see a water moccasin and a centaur.

Vanquished Creatures
  A scorpion (D:5)
  A hound (D:3)
  3 jellies (D:2)
  An orc wizard (D:3)
  3 gnolls
  6 adders
  A worm (D:3)
  4 dart slugs
  7 orcs
  7 bats
  12 endoplasms
  6 giant cockroaches
  7 hobgoblins
  2 jackals (D:3)
  11 ball pythons
  4 frilled lizards
  4 goblins
  15 kobolds
  3 rats
98 creatures vanquished.

Vanquished Creatures (others)
  8 toadstools (D:2)
8 creatures vanquished.

Grand Total: 106 creatures vanquished

Notes
Turn   | Place    | Note
-------+----------+-------------------------------------------
     0 | D:1      | mopl the Octopode Hedge Wizard began the quest for the Orb.
     0 | D:1      | Reached XP level 1. HP: 11/11 MP: 4/4
    93 | D:1      | Reached XP level 2. HP: 8/17 MP: 6/6
   154 | D:1      | Learned a level 2 spell: Blink
   483 | D:1      | Reached XP level 3. HP: 10/21 MP: 1/7
   764 | D:1      | Reached skill level 2 in Conjurations
   887 | D:2      | Reached skill level 2 in Translocations
   982 | D:2      | Reached XP level 4. HP: 27/27 MP: 2/9
  1751 | D:2      | Reached XP level 5. HP: 26/31 MP: 10/10
  1783 | D:2      | Reached skill level 4 in Spellcasting
  1870 | D:2      | Reached skill level 3 in Conjurations
  1870 | D:2      | Reached skill level 3 in Translocations
  1959 | D:3      | Learned a level 4 spell: Sticky Flame
  2083 | D:3      | Found a shadowy altar of Dithmenos.
  2125 | D:3      | Found a hide-covered altar of Uskayaw.
  2125 | D:3      | Found a glowing golden altar of the Shining One.
  2131 | D:3      | Found a faded altar of an unknown god.
  2133 | D:3      | Found a broken altar of Ashenzari.
  2135 | D:3      | Found a burning altar of Makhleb.
  2223 | D:3      | Found a runed translucent gate.
  2224 | D:3      | Found a runed translucent gate.
  2225 | D:3      | Found a runed translucent gate.
  2227 | D:3      | Noticed Dirtsage's ghost (amateur DsFi)
  2227 | D:3      | Identified the +1 scale mail of Pitzaxaawi {rPois Will-
                  | Slay+2 Stlth+}
  2284 | D:3      | Found Zin's Purification Station.
  2289 | D:3      | Found a glowing silver altar of Zin.
  2303 | D:3      | Reached XP level 6. HP: 36/36 MP: 12/12
  2313 | D:3      | Bought a potion of curing for 90 gold pieces
  2345 | D:3      | Found a faded altar of an unknown god.
  2623 | D:3      | Reached skill level 1 in Fire Magic
  2959 | D:4      | Found an ornate altar of the Wu Jian Council.
  3128 | D:4      | Found a staircase to the Ecumenical Temple.
  3134 | Temple   | Entered the Ecumenical Temple
  3322 | D:4      | Found a sparkling altar of Nemelex Xobeh.
  3422 | D:5      | Entered Level 5 of the Dungeon
  3716 | D:5      | Noticed a water moccasin
  3719 | D:5      | Slain by a centaur

Illustrated notes

Levels and vault maps discovered:
D:1:      minmay_arrival_shoal_huts, layout_basic
D:2:      cheibrodos_fertilizer, layout_loops_ring
D:3:      layout_rooms, nicolae_dithmenos_the_darkroom,
          chequers_temple_overflow_minitemple, zin_purify,
          biasface_ghost_orc_armoury, chequers_ecumenical_altar_simple_redux
D:4:      layout_rooms, kennysheep_mini, nicolae_wu_jian_wuxing_cycle,
          minmay_temple_entry_gardened_gates
D:5:      layout_basic
Temple:   pf_slimified_temple

Skill      XL: |  1  2  3  4  5  6 |
---------------+-------------------+-----
Conjurations   | 2 3 |  3.7
Translocations | 2 3 |  3.6
Spellcasting   | 4 |  4.5
Fire Magic     | 1 |  1.5
Dodging        | |  2.0
Stealth        | |  2.6
Summonings     | |  1.0

Action                     |  1- 3 |  4- 6 || total
---------------------------+-------+-------++-------
  Melee: Dagger            |    55 |   123 ||   178
         Constrict         |    16 |    20 ||    36
         Tentacles         |     8 |    19 ||    27
         Punch             |     2 |     1 ||     3
   Cast: Magic Dart        |    19 |    99 ||   118
         Blink             |     2 |       ||     2
    Use: Potion            |       |     2 ||     2
         Scroll            |       |     1 ||     1
   Stab: Sleeping          |    10 |    10 ||    20
 Armour: Skin              |     3 |     3 ||     6
  Dodge: Dodged            |    43 |    97 ||   140

Table legend: (Time is in decaauts)
 A = Elapsed time spent in this place.
 B = Non-inter-level travel time spent in this place.
 C = Inter-level travel time spent in this place.
 D = Time resting spent in this place.
 E = Time spent auto-exploring this place.
 F = Levels seen in this place.
 G = Mean time per level.
                   A        B        C        D        E       F      G
               +--------+--------+--------+--------+--------+-----+--------+
         Total |   3676 |   3499 |    177 |    633 |   2143 |   6 |  612.7 |
       Dungeon |   3572 |   3415 |    157 |    633 |   2076 |   5 |  714.4 |
        Temple |    103 |     84 |     19 |      0 |     67 |   1 |  103.0 |
               +--------+--------+--------+--------+--------+-----+--------+

Top non-repeatable levels by time:
     D:2: 1116 daAuts
     D:1: 819 daAuts
     D:3: 691 daAuts
     D:4: 650 daAuts
     D:5: 294 daAuts
  Temple: 103 daAuts
